cohdb
Replays
Latest Replays
All Replays
Popular Replays
Top Player Replays
Match Explorer
How It Works
Community
CoH3 Stats
Reddit
Sign in to upload your games and track your stats! →
Sign in with Steam
Match 31443772
Unlisted
Match 31443772
Overview
Messages
Build Orders
End
Construct Section Command Post
Vickers Machine Gun Team
Infantry Section
Infantry Section
Infantry Section
ML 3-inch Mortar Team
Construct Platoon Command Post
CMP 15cwt Truck
Infantry Training
Humber Armored Car
Selects Air and Sea Battlegroup
Selects Supply Surplus
ML 3-inch Mortar Team
Selects Centaur Medium Tank
Centaur Medium Tank
6-pounder Anti-tank Gun Team
6-pounder Anti-tank Gun Team
Construct Company Command Post
Selects Commando Section Paradrop
Selects Commando Support Section Paradrop
Selects Commando Section Paradrop
Selects Commando Support Section Paradrop
Crusader II Medium Tank
Matilda II Heavy Tank
Foot Guards Section
SneaKerz
gb_gbg
Popeye
Norseman
0
0
Comments
sign in to comment!
No comments posted yet!